 Dungeon Crawl Stone Soup version 0.27.1-33-g824d729ab1 (webtiles) character file.

Game seed: 3036339445730130262

8145 toffzen the Carver (level 11, -11/82 HPs)
             Began as a Djinni Berserker on Dec 21, 2021.
             Was an Elder of Trog.
             Mangled by Maggie (13 damage)
             ... on level 9 of the Dungeon.
             The game lasted 00:12:56 (11106 turns).

toffzen the Carver (Djinni Berserker)              Turns: 11106, Time: 00:12:57

Health: -11/82     AC: 14    Str: 19    XL:     11   Next: 50%
Gold:   456        EV: 11    Int:  8    God:    Trog [****..] SH:  7 Dex: 14

rFire    + + .     SeeInvis .   a - +1 scimitar (venom)
rCold    x . .     Faith    .   q - +0 kite shield
rNeg     + . .     Spirit   .   x - +3 ring mail {Will+}
rPois    ∞         Reflect  .   (no helmet)
rElec    .         Harm     .   B - +2 cloak
rCorr    .         Rampage  .   f - +0 pair of gloves
Will     ++...                  (boots unavailable)
Stlth    +.........             (no amulet)
HPRegen  0.23/turn              y - ring of positive energy
MPRegen  0.00/turn              (no ring)

@: flying
A: sickness immunity, fire resistance 2, cold vulnerability 1, float, innate
caster, hp casting, extra vitality 1
a: Renounce Religion, Berserk, Trog's Hand, Brothers in Arms


You were on level 9 of the Dungeon.
You worshipped Trog.
Trog was greatly pleased with you.
You visited 1 branch of the dungeon, and saw 9 of its levels.

You collected 456 gold pieces.

Inventory:

Hand Weapons
 a - a +1 scimitar of venom (weapon)
 b - a +0 hunting sling
 m - a +2 dagger of venom
 p - a +0 falchion
 s - the +8 spear of Shame {venom, rF+ rN+ rCorr Str+2}
   (You found it on level 5 of the Dungeon)

   It poisons the flesh of those it strikes.
   Str:       It affects your strength (+2).
   rF:        It protects you from fire.
   rN:        It protects you from negative energy.
   rCorr:     It protects you from acid and corrosion.
Missiles
 d - 185 stones (quivered)
 w - a throwing net
Armour
 f - a +0 pair of gloves (worn)
 q - a +0 kite shield (worn)
 r - a +1 plate armour
 x - a +3 ring mail of willpower (worn)
 B - a +2 cloak (worn)
Jewellery
 y - a ring of positive energy (left hand)
Wands
 e - a wand of polymorph (4)
 i - a wand of paralysis (8)
 t - a wand of iceblast (4)
 C - a wand of flame (17)
Scrolls
 c - 2 scrolls of magic mapping
 k - 4 scrolls of enchant weapon
 n - a scroll of torment
 D - a scroll of holy word {unknown}
Potions
 g - 4 potions of curing
 h - 2 potions of cancellation
 j - 2 potions of attraction
 l - 2 potions of heal wounds
 o - a potion of magic {unknown}
 u - 2 potions of lignification
 v - 2 potions of berserk rage
 z - a potion of mutation {unknown}
 A - a potion of flight {unknown}


   Skills:
 + Level 8.3 Fighting
 * Level 10.3 Long Blades
 + Level 8.0 Armour
 + Level 8.7 Dodging


You couldn't memorise any spells.
You knew the following spells:

 Your Spells              Type           Power      Damage    Failure   Level
a - Apportation           Tloc           0%         N/A       99%         1
b - Slow                  Hex            0%         N/A       100%        2
c - Searing Ray           Conj           0%         3d3       100%        2
d - Summon Guardian Gole  Hex/Summ       0%         N/A       100%        3
e - Cause Fear            Hex            0%         N/A       100%        4
Your spell library was empty.


Dungeon Overview and Level Annotations

Branches:
Dungeon (9/15)             Temple (0/1) D:4            Lair (0/6) D:8
    Orc: D:9-12

Altars:
Sif Muna
Trog
Xom

Annotations:
D:7 1 runed translucent door, Crazy Yiuf
D:9 Maggie


Innate Abilities, Weirdness & Mutations

You are immune to sickness and miasma.
You are immune to poison.
Your flesh is very heat resistant. (rF++)
You are vulnerable to cold. (rC-)
You float through the air rather than walking.
You learn spells naturally, not from books.
Your magical power is your life essence.
You have superior vitality. (+4 HP)


Message History

Deactivating autopickup; reactivate with Ctrl-A.
Your shield prevents you from hitting something.
The shadow strikes at you from the darkness!
Reactivating autopickup.
Maggie drinks a potion.
Maggie seems to grow stronger.
The shadow slips into darkness.
The shadow flickers and vanishes!
Deactivating autopickup; reactivate with Ctrl-A.
You are too mesmerised to rage.
You hit something.
The shadow strikes at you from the darkness!
Reactivating autopickup.
You slash the shadow!
The shadow is severely damaged.
You block the shadow's attack.
You barely miss the shadow.
The shadow is severely damaged.
The shadow slips into darkness.
The shadow flickers and vanishes!
Deactivating autopickup; reactivate with Ctrl-A.
You slash something! Trog accepts your kill.
Reactivating autopickup.
You feel a bit more experienced.
Your Armour skill increases to level 8!
You hit Maggie.
Maggie is poisoned.
Maggie is lightly wounded.
Maggie hits you with a +0 scimitar of flaming!
* * * LOW HITPOINT WARNING * * *
Your shield prevents you from hitting Maggie.
Maggie is lightly wounded.
Maggie hits you with a +0 scimitar of flaming!!
* * * LOW HITPOINT WARNING * * *
Maggie burns you.
* * * LOW HITPOINT WARNING * * *
You hit Maggie but do no damage.
Maggie is lightly wounded.
You break out of your daze.
Maggie hits you with a +0 scimitar of flaming!
You die...

# ##.## #...#### #.#....#
#...##.# # # ######.# ># ##
### #.# #.# .## ##.###.#
#..#
..####...##.########...####
..'.............@@.........
..####...##.#######........
.## ##.###.# #)#..#### ##
###...# #.# .# # #...# #.#
.# (.. #...# #.# # #'#
##.## #.# #.# #)# #.. #)#
#.# ### ##F#


You could see Maggie (strong, very poisoned).

Vanquished Creatures
  A hydra (D:8)
  A two-headed ogre (D:9)
  Maurice (D:9)
  Joseph (D:9)
  A hornet (D:8)
  2 shadows
  A wyvern (D:8)
  2 steam dragons (D:7)
  4 yaks (D:8)
  2 swamp worms (D:7)
  2 water moccasins
  4 sky beasts
  5 orc warriors
  3 ice beasts
  4 black bears
  3 centaurs (D:9)
  2 ogres (D:4)
  A phantom (D:5)
  A kobold brigand (D:8)
  8 bullfrogs
  3 gnoll sergeants
  3 scorpions
  2 wyvern zombies
  A wyvern skeleton (D:7)
  6 killer bees (D:7)
  2 howler monkeys (D:9)
  2 jellies (D:5)
  A bullfrog zombie (D:5)
  A hound (D:4)
  2 bullfrog skeletons (D:7)
  6 orc priests
  A centaur skeleton (D:6)
  3 iguanas
  Ijyb (D:3)
  4 orc wizards
  A howler monkey skeleton (D:5)
  12 gnolls
  10 adders
  An ufetubus (D:5)
  2 adder skeletons (D:4)
  3 worms
  3 dart slugs
  21 orcs
  4 endoplasms
  A giant cockroach (D:4)
  5 goblins
  7 hobgoblins
  4 kobolds
  4 quokkas
  4 ball pythons
  8 bats
  A frilled lizard (D:3)
  2 rats (D:1)
180 creatures vanquished.

Vanquished Creatures (others)
  2 fungi (D:8)
  10 plants
12 creatures vanquished.

Grand Total: 192 creatures vanquished

Notes
Turn   | Place    | Note
-------+----------+-------------------------------------------
     0 | D:1      | toffzen the Djinni Berserker began the quest for the Orb.
     0 | D:1      | Reached XP level 1. HP: 20/20 MP: 0/0
   273 | D:1      | Reached XP level 2. HP: 25/25 MP: 0/0
   331 | D:1      | Reached skill level 3 in Long Blades
   517 | D:1      | Reached XP level 3. HP: 30/30 MP: 0/0
   517 | D:1      | Learned a level 1 spell: Apportation
   766 | D:2      | Reached ** piety under Trog
  1501 | D:2      | Reached XP level 4. HP: 33/35 MP: 0/0
  2268 | D:3      | Noticed Ijyb
  2274 | D:3      | Killed Ijyb
  2275 | D:3      | Reached XP level 5. HP: 40/40 MP: 0/0
  2275 | D:3      | Learned a level 2 spell: Slow
  2894 | D:4      | Noticed a bullfrog
  2907 | D:4      | Killed a bullfrog
  2908 | D:4      | Reached skill level 4 in Long Blades
  2908 | D:4      | Reached XP level 6. HP: 41/47 MP: 0/0
  3383 | D:4      | Noticed an ogre
  3386 | D:4      | Killed an ogre
  3573 | D:4      | Reached XP level 7. HP: 52/52 MP: 0/0
  3573 | D:4      | Learned a level 2 spell: Searing Ray
  3896 | D:4      | Reached skill level 5 in Long Blades
  3979 | D:4      | Found a staircase to the Ecumenical Temple.
  4056 | D:5      | Entered Level 5 of the Dungeon
  4105 | D:5      | Identified the +8 spear of Shame {venom, rF+ rN+ rCorr
                  | Str+2}
  4122 | D:5      | Reached *** piety under Trog
  4694 | D:5      | Reached XP level 8. HP: 58/58 MP: 0/0
  5013 | D:5      | Reached skill level 5 in Fighting
  5054 | D:5      | Found a shimmering altar of Xom.
  5272 | D:5      | Reached skill level 6 in Long Blades
  5272 | D:5      | Reached skill level 5 in Dodging
  5720 | D:6      | You are sucked into a shaft and drop 1 floor!
  5742 | D:6      | Reached XP level 9. HP: 57/65 MP: 0/0
  5742 | D:6      | Learned a level 3 spell: Summon Guardian Golem
  5822 | D:7      | Reached skill level 5 in Armour
  6231 | D:6      | Reached skill level 7 in Long Blades
  7181 | D:7      | Found a bloodstained altar of Trog.
  7484 | D:7      | Found a runed translucent door.
  7485 | D:7      | Noticed Crazy Yiuf
  7587 | D:7      | Reached skill level 8 in Long Blades
  7591 | D:7      | Reached XP level 10. HP: 46/73 MP: 0/0
  7604 | D:7      | Reached **** piety under Trog
  8253 | D:8      | Noticed an eight-headed hydra
  8757 | D:8      | Reached skill level 9 in Long Blades
  9037 | D:8      | Killed an eight-headed hydra
  9636 | D:8      | Reached XP level 11. HP: 75/80 MP: 0/0
  9636 | D:8      | Learned a level 4 spell: Cause Fear
  9901 | D:8      | Found a staircase to the Lair.
 10491 | D:9      | Noticed a two-headed ogre
 10499 | D:9      | Killed a two-headed ogre
 10500 | D:9      | Reached skill level 10 in Long Blades
 10790 | D:9      | Noticed Joseph
 10804 | D:9      | Killed Joseph
 10934 | D:9      | Noticed Maurice
 10943 | D:9      | Killed Maurice
 11087 | D:9      | Noticed Maggie
 11105 | D:9      | HP: 4/82 [Maggie (19)]
 11106 | D:9      | Mangled by Maggie

Illustrated notes

Levels and vault maps discovered:
D:1:      minmay_arrival_radiant_lines, layout_basic
D:2:      layout_loops_ring, kennysheep_doodads, grunt_decor_arrowhead
D:3:      layout_loops_ring, mrwooster_statue_mirror, minmay_close_crescents,
          uniq_ijyb
D:4:      layout_loops_ring, minmay_temple_entry_overgrown
D:5:      layout_cave_pools, nicolae_overflow_hidden_temple
D:6:      layout_rooms, minivault_19
D:7:      layout_rooms, mainiacjoe_overflow_paths, bloody_trog, worms_lemuel,
          uniq_crazy_yiuf_cottage
D:8:      minmay_clustersquares, layout_loops_ring,
          grunt_lair_entry_orc_guard_hut
D:9:      layout_loops_corners, mainiacjoe_overflow_alcove_4,
          nrook_pool_corridor, hangedman_abyss_or_decor_slice, uniq_maggie,
          uniq_maurice, uniq_joseph

Skill      XL: |  1  2  3  4  5  6  7  8  9 10 11 |
---------------+----------------------------------+-----
Long Blades    | 3 4 5 6 8 9 10 | 10.3
Dodging        | 3 4 5 6 8 |  8.7
Armour         | 3 4 6 7 8 |  8.0
Fighting       | 4 5 6 7 8 |  8.3

Action                   |  1- 3 |  4- 6 |  7- 9 | 10-12 || total
-------------------------+-------+-------+-------+-------++-------
Melee: Falchion          |    74 |       |       |       ||    74
       Scimitar          |       |   133 |    46 |   162 ||   341
       Spear             |       |       |   204 |    52 ||   256
Invok: Berserk           |     1 |     5 |    11 |     7 ||    24
       Trog's Hand       |       |       |       |     1 ||     1
Evoke: Wand              |       |     2 |     2 |    12 ||    16
  Use: Scroll            |       |     2 |    12 |     1 ||    15
       Potion            |       |       |       |     1 ||     1
 Stab: Sleeping          |     2 |       |       |       ||     2
Armor: Animal skin       |    19 |     4 |       |       ||    23
       Plate armour      |       |    84 |   117 |       ||   201
       Ring mail         |       |       |    26 |   101 ||   127
       Skin              |       |       |       |    24 ||    24
Dodge: Dodged            |    62 |    42 |    80 |   104 ||   288
Block: Kite shield       |       |       |    15 |   101 ||   116
       Rpst.: Falchion   |    22 |       |       |       ||    22
       Scimitar          |       |    12 |     1 |    16 ||    29
